 Dungeon Crawl Stone Soup version 0.30.1-11-g7821555f0a (webtiles) character file.

Game seed: 5891239439762791181

4156 jagang the Carver (level 10, 0/79 HPs)
             Began as a Human Monk on Dec 29, 2023.
             Was the Champion of Zin.
             Slain by an orc knight
             ... wielding a +0 broad axe
              (18 damage)
             ... in a bailey on Jan 2, 2024.
             The game lasted 00:28:10 (7195 turns).

jagang the Carver (Human Monk)                      Turns: 7195, Time: 00:28:11

Health: 0/79       AC: 14    Str: 18    XL:     10   Next: 52%
Magic:  10/10      EV:  7    Int: 10    God:    Zin [******]
Gold:   267        SH:  0    Dex: 20    Spells: 9/9 levels left

rFire   . . .        l - +0 scimitar
rCold   . . .        B - orb {light}
rNeg    . . .        L - +0 plate armour
rPois   .            K - +2 hat
rElec   .            s - scarf {repulsion}
rCorr   .            (no gloves)
SInv    .            (no boots)
Will    .....        (no amulet) Stlth
                     b - +6 ring of strength
HPRegen 0.33/turn    (no ring)
MPRegen 0.12/turn

%: repel missiles
@: glowing, studying Evocations
A: no striking features
a: Renounce Religion, Recite, Vitalisation, Imprison, Sanctuary, Donate Gold


You were in a bailey.
You worshipped Zin.
Zin was exalted by your worship.
You visited 1 branch of the dungeon, and saw 7 of its levels.
You also visited: Ossuary and Bailey.

You collected 1614 gold pieces.
You spent 1224 gold pieces at shops.
You donated 123 gold pieces to Zin.

Inventory:

Hand Weapons
 l - a +0 scimitar (weapon)
Missiles
 a - 5 atropa-tipped darts
 o - 9 boomerangs
 y - 10 poisoned darts (quivered)
Armour
 s - a scarf of repulsion (worn)
 t - a +0 kite shield
 B - an orb of light (worn)
 K - a +2 hat (worn)
 L - a +0 plate armour (worn)
Jewellery
 b - a +6 ring of strength (left hand)
 C - a +6 ring of intelligence
Wands
 q - a wand of flame (21)
 D - a wand of mindburst (14)
 I - a wand of light (6)
Scrolls
 d - 3 scrolls of amnesia
 g - 2 scrolls of fog
 h - a scroll of blinking
 i - 2 scrolls of magic mapping
 k - 2 scrolls of teleportation
 m - 4 scrolls of noise
 n - 2 scrolls of fear {unknown}
 v - 3 scrolls of enchant armour {unknown}
 E - 2 scrolls of enchant weapon {unknown}
 G - a scroll of silence {unknown}
 J - a scroll of immolation {unknown}
Potions
 c - 3 potions of ambrosia
 e - a potion of cancellation {unknown}
 f - 3 potions of mutation {unknown}
 j - 10 potions of curing
 p - a potion of degeneration {unknown}
 r - 3 potions of invisibility {unknown}
 w - 2 potions of attraction {unknown}
 x - 2 potions of haste
 A - a potion of magic {unknown}
 F - a potion of might {unknown}
 H - 2 potions of brilliance {unknown}


   Skills:
 + Level 7.2 Fighting
 + Level 9.6 Long Blades
 + Level 1.1 Throwing
 + Level 6.4 Armour
 - Level 4.0 Dodging
 + Level 2.1 Shields
 + Level 0.6 Invocations
 - Level 7.6 Evocations


You had 9 spell levels left.
You didn't know any spells.
Your spell library contained the following spells:

 Spells                   Type           Power      Damage    Failure   Level
 Apportation              Tloc           0%         N/A       100%        1
 Necrotise                Necr           0%         1d4       100%        1
 Slow                     Hex            0%         N/A       100%        1
 Summon Small Mammal      Summ           0%         N/A       100%        1
 Static Discharge         Conj/Air       0%         2-2/arc   100%        2
 Sublimation of Blood     Necr           0%         N/A       100%        2
 Wereblood                Tmut           0%         N/A       100%        2
 Confusing Touch          Hex            0%         N/A       100%        3
 Vampiric Draining        Necr           0%         2d6       100%        3
 Airstrike                Air            0%         2d(0-16)  100%        4
 Cause Fear               Hex            0%         N/A       100%        4
 Summon Lightning Spire   Summ/Air       0%         N/A       100%        4
 Dragon Form              Tmut           0%         N/A       100%        7
 Summon Hydra             Summ           0%         N/A       100%        7
 Dragon's Call            Summ           0%         N/A       100%        9


Dungeon Overview and Level Annotations

Branches:
Dungeon (7/15)             Temple (0/1) D:5         Ossuary (visited)
 Bailey (1/1)

Altars:
Okawaru
Sif Muna
Trog
Vehumet
Zin
The Shining One

Shops:
D:1 (   D:2 ?*[!   D:7 (


Message History

The orc knight hits you with a +0 broad axe!
* * * LOW HITPOINT WARNING * * *
You feel much better.
The orc knight hits you with a +0 broad axe!
* * * LOW HITPOINT WARNING * * *
You feel much better.
The orc knight hits you with a +0 broad axe!
You barely miss the orc knight.
The orc knight is heavily wounded.
The orc knight hits you with a +0 broad axe!!
* * * LOW HITPOINT WARNING * * *
You hit the orc knight but do no damage.
The orc knight is heavily wounded.
The orc knight hits you but does no damage.
You slash the orc knight!
The orc knight is heavily wounded.
The orc knight looks more healthy.
The orc knight hits you with a +0 broad axe!
* * * LOW HITPOINT WARNING * * *
Okay, then.
Blink to where?
Press: ? - help, Dir - move target, p - orc knight
As you read the scroll of blinking, it crumbles to dust.
You are confused.
You feel invigorated.
The orc knight attacks as you move away!
The orc knight hits you with a +0 broad axe!
* * * LOW HITPOINT WARNING * * *
You hit the orc knight.
The orc knight is heavily wounded.
The orc knight hits you with a +0 broad axe!
* * * LOW HITPOINT WARNING * * *
The orc knight hits you with a +0 broad axe!
* * * LOW HITPOINT WARNING * * *
You slash the orc knight!
The orc knight is severely wounded.
You feel less invigorated.
You feel less confused.
The orc knight hits you with a +0 broad axe!!
You die...

#.......# ##..))...##
#.........# ##.........##
#######.....⌠..)..######
##.....##)........##.....
#.......).........').....
##.......##.......##).....
#........@#.......#.......
##.......o.##.....##.......
#.....⌠.....#######.....⌠.[
##.........## ##.......
#.........# #.......
##.......## ##......
#.......# #...... ##.)...##
##..).. ##)#### ####)#


You could see an orc knight.

Vanquished Creatures
  Pikel (D:5)
  Grinder (D:3)
  Sigmund (D:6)
  A water moccasin (D:7)
  9 orc warriors
  2 ice beasts
  2 black bears
  2 ogres
  A centaur (D:7)
  3 elf zombies (Ossuary)
  A kobold brigand (D:7)
  A bullfrog (D:6)
  3 scorpions
  A howler monkey (D:5)
  3 centaur zombies (Ossuary)
  2 human zombies (Ossuary)
  2 jellies
  5 orc priests
  4 hounds
  6 iguanas
  4 orc wizards
  2 sleepcaps
  2 mummies (Ossuary)
  9 gnolls
  10 adders
  A shadow imp (D:5)
  2 ufetubi
  An adder zombie (Ossuary)
  A worm (D:4)
  5 dart slugs
  45 orcs
  2 bats
  5 endoplasms
  5 giant cockroaches
  20 goblins
  13 hobgoblins
  A jackal (D:5)
  5 quokkas
  2 ball pythons (D:1)
  4 frilled lizards
  7 hobgoblin zombies (Ossuary)
  8 kobolds
  11 kobold zombies (Ossuary)
  9 orc zombies (Ossuary)
  5 rats
  A rat zombie (Ossuary)
231 creatures vanquished.

Notes
Turn   | Place    | Note
-------+----------+-------------------------------------------
     0 | D:1      | jagang the Human Monk began the quest for the Orb.
     0 | D:1      | Reached XP level 1. HP: 18/18 MP: 1/1
    46 | D:1      | Found a shimmering blue altar of Sif Muna.
   187 | D:1      | Reached XP level 2. HP: 22/24 MP: 2/2
   282 | D:1      | Found Reasit Yshi's Weapon Emporium.
   303 | D:1      | Found a faded altar of an unknown god.
   519 | D:1      | Reached skill level 1 in Armour
   519 | D:1      | Reached XP level 3. HP: 26/29 MP: 3/3
   967 | D:2      | You fall into a shaft and drop 2 floors!
   973 | D:4      | Found a glowing silver altar of Zin.
   976 | D:4      | Became a worshipper of Zin the Law-Giver
   976 | D:4      | Reached * piety under Zin
   976 | D:4      | Reached ** piety under Zin
   983 | D:4      | Reached XP level 4. HP: 32/35 MP: 4/4
  1017 | D:4      | Reached XP level 5. HP: 34/41 MP: 5/5
  1046 | D:4      | Reached skill level 4 in Long Blades
  1180 | D:4      | Noticed an ogre
  1246 | D:3      | Reached XP level 6. HP: 21/48 MP: 6/6
  1392 | D:3      | Found a radiant altar of Vehumet.
  1550 | D:3      | Noticed Grinder
  1550 | D:3      | Paralysed by Grinder for 4 turns
  1567 | D:3      | Killed Grinder
  1568 | D:3      | Reached skill level 5 in Long Blades
  1568 | D:3      | Reached XP level 7. HP: 37/55 MP: 7/7
  2061 | D:2      | Reached *** piety under Zin
  2077 | D:2      | Found Muwkidghi's Magic Scroll Emporium.
  2082 | D:2      | Bought a scroll of identify for 24 gold pieces
  2082 | D:2      | Bought a scroll of identify for 24 gold pieces
  2082 | D:2      | Bought a scroll of noise for 12 gold pieces
  2082 | D:2      | Bought a scroll of identify for 24 gold pieces
  2082 | D:2      | Bought a scroll of teleportation for 36 gold pieces
  2085 | D:2      | Identified a scroll of acquirement
  2087 | D:2      | Acquired 1173 gold pieces
  2088 | D:2      | Reached **** piety under Zin
  2089 | D:2      | Bought a scroll of acquirement for 624 gold pieces
  2095 | D:2      | Acquired a manual of Evocations
  2234 | D:2      | Found Ifas's Distillery.
  2252 | D:2      | Bought 2 potions of haste for 280 gold pieces
  2252 | D:2      | Bought a potion of heal wounds for 70 gold pieces
  2252 | D:2      | Bought a potion of curing for 42 gold pieces
  2252 | D:2      | Bought a potion of heal wounds for 70 gold pieces
  2269 | D:2      | Reached ***** piety under Zin
  2389 | D:2      | Found Lergh's Armour Emporium.
  2444 | D:2      | Found Uriosot's Assorted Antiques.
  2457 | D:2      | Bought a bubbling amethyst potion for 18 gold pieces
  3085 | D:4      | Reached skill level 1 in Evocations
  3475 | D:5      | Entered Level 5 of the Dungeon
  3526 | D:5      | Reached skill level 6 in Long Blades
  3533 | D:5      | Found a sand-covered staircase.
  3611 | D:5      | Reached XP level 8. HP: 60/61 MP: 8/8
  3629 | Ossuary  | Entered an ossuary
  3747 | Ossuary  | Reached skill level 5 in Fighting
  4009 | D:5      | Reached skill level 7 in Long Blades
  4013 | D:5      | Noticed Pikel
  4033 | D:5      | Killed Pikel
  4034 | D:5      | Reached skill level 5 in Evocations
  4034 | D:5      | Reached XP level 9. HP: 56/69 MP: 9/9
  4104 | D:5      | Found a staircase to the Ecumenical Temple.
  4150 | D:5      | Reached skill level 5 in Armour
  4161 | D:5      | Reached skill level 8 in Long Blades
  4688 | D:5      | Found an iron altar of Okawaru.
  4688 | D:5      | Found a glowing golden altar of the Shining One.
  5399 | D:6      | Found a bloodstained altar of Trog.
  5920 | D:6      | Noticed Sigmund
  5929 | D:6      | Killed Sigmund
  5930 | D:6      | Reached XP level 10. HP: 77/77 MP: 10/10
  6070 | D:7      | Reached skill level 9 in Long Blades
  6089 | D:7      | Reached ****** piety under Zin
  6267 | D:7      | Found Pukumair's Weapon Emporium.
  6413 | D:7      | Reached skill level 1 in Shields
  6418 | D:7      | Found a flagged portal.
  6522 | Bailey   | Entered a bailey
  7028 | Bailey   | Noticed an orc knight
  7057 | Bailey   | Reached skill level 1 in Throwing
  7195 | Bailey   | Slain by an orc knight

Illustrated notes

Levels and vault maps discovered:
D:1:      sevenhm_arrival_forest_fort_small_6, layout_basic,
          chequers_ecumenical_altar_island, serial_shops,
          nicolae_shop_bloodbath_and_beyond, serial_bayou_lagoon_b
D:2:      layout_basic, serial_shops, shop, nicolae_shop_industrial_runoff,
          nicolae_shop_rolling_square, shop
D:3:      layout_loops_ring, vehumet_altar_wand_db, minmay_cut_off, uniq_grinder
D:4:      layout_basic, zin_statuary, serial_glass, glass_columns_c,
          glass_columns_a, amcnicky_mini_rare_corridor_liquid
D:5:      layout_basic, nicolae_overflow_two_pavilions,
          minmay_temple_entry_junction_2, nicolae_ossuary_entry_false_entrances,
          hangedman_decor_clover_reticule, nzn_random_ring, uniq_pikel
D:6:      layout_loops_ring, bloody_trog, uniq_sigmund
D:7:      layout_loops_ring, enter_bailey_5, serial_shops, shop, shop_fountains
Bailey:   bailey_axe_minmay_hex_keep, bailey

Skill      XL: |  1  2  3  4  5  6  7  8  9 10 |
---------------+-------------------------------+-----
Armour         | 1 2 3 4 5 6 |  6.4
Long Blades    | 4 5 6 7 8 9 |  9.6
Dodging        | 4 |  4.0
Fighting       | 4 5 6 7 |  7.2
Evocations     | 2 5 6 7 |  7.6
Shields        | 2 |  2.1
Throwing       | 1 |  1.1
Invocations    | |  0.6

Action                     |  1- 3 |  4- 6 |  7- 9 | 10-12 || total
---------------------------+-------+-------+-------+-------++-------
  Melee: Falchion          |    38 |       |       |       ||    38
         Scimitar          |    16 |    96 |   390 |   174 ||   676
  Throw: Boomerang         |       |       |    17 |    22 ||    39
         Dart              |       |       |       |    12 ||    12
 Invoke: Recite            |       |       |     1 |     1 ||     2
    Use: Scroll            |       |       |     8 |     2 ||    10
         Potion            |       |       |       |     6 ||     6
   Stab: Invisible         |       |       |       |     3 ||     3
 Armour: Leather armour    |     4 |    21 |     2 |       ||    27
         Ring mail         |    10 |       |       |       ||    10
         Chain mail        |       |       |   183 |    31 ||   214
         Plate armour      |       |       |       |    33 ||    33
  Dodge: Dodged            |    37 |    65 |   187 |    62 ||   351
         Repelled          |       |       |       |     1 ||     1
